 Dungeon Crawl Stone Soup version 0.22-a0-469-gf26638a (webtiles) character file.

52 Espgualade the Skirmisher (level 3, -1/34 HPs)
             Began as a Tengu Ice Elementalist on June 12, 2018.
             Slain by a bullfrog (2 damage)
             ... on level 6 of the Dungeon.
             The game lasted 00:04:42 (1662 turns).

Espgualade the Skirmisher (Tengu Ice Elementalist)  Turns: 1662, Time: 00:04:43

Health: -1/34      AC: 21    Str:  9 (11) XL:     3   Next: 85%
Magic:  7/7        EV:  2    Int: 15 (16) God:
Gold:   143        SH:  0    Dex: 12 (14) Spells: 0/6 levels left

rFire    + . .     SeeInvis .   h - +2 dagger (freeze)
rCold    + . .     Gourm    .   (no shield)
rNeg     + + +     Faith    .   (armour currently unavailable)
rPois    +         Spirit   .   (helmet currently unavailable)
rElec    +         Reflect  .   (cloak currently unavailable)
rCorr    +         Harm     .   (gloves currently unavailable)
MR       .....     NoTele   +   (boots unavailable)
Stlth    ++........             (no amulet)
HPRegen  0.11/turn              i - +3 ring of strength
MPRegen  0.10/turn              (no ring)

@: tree-form, resistant
A: no striking features
a: no special abilities


You were on level 6 of the Dungeon.
You were not hungry.
You were a tree.
You visited 1 branch of the dungeon, and saw 5 of its levels.

You collected 143 gold pieces.

Inventory:

Hand Weapons
 h - a +2 dagger of freezing (weapon)
Armour
 a - a +0 robe (melded)
 b - a +0 pair of gloves (melded)
Jewellery
 i - a +3 ring of strength (left branch)
Scrolls
 e - a scroll of remove curse {unknown}
 g - a scroll of teleportation
 k - a scroll of identify
Potions
 d - a potion of magic
 l - a potion of agility {unknown}
Comestibles
 c - 2 rations
 m - 2 chunks of flesh


   Skills:
 + Level 3.3 Fighting
 - Level 2.1 Dodging
 - Level 2.0 Stealth
 - Level 2.0 Spellcasting
 - Level 1.3 Conjurations
 - Level 2.6 Ice Magic


You couldn't memorise any spells.
You knew the following spells:

 Your Spells              Type           Power        Failure   Level  Hunger
a - Freeze                Ice            #...         8%          1    #......
b - Throw Frost           Conj/Ice       #.....       14%         2    ###....
c - Ozocubu's Armour      Chrm/Ice       #.......     36%         3    ###....

Your spell library contained the following spells:

 Spells                   Type           Power        Failure   Level  Hunger
 Summon Ice Beast         Ice/Summ       #.......     77%         4    #####..
 Throw Icicle             Conj/Ice       #.......     67%         4    #####..


Dungeon Overview and Level Annotations

Branches:
Dungeon (6/15)             Temple (0/1) D:6

Altars:

Annotations:
D:3 Sigmund


Innate Abilities, Weirdness & Mutations

((You have a beak for a mouth.))
((You have claws for feet.))


Message History

There is a stone staircase leading up here.
You turn into a tree.
Your +0 pair of gloves melds into your body.
Your +0 robe melds into your body.
Your roots penetrate the ground.
The orc wizard casts a spell.
The orc wizard blinks!
The orc wizard gestures at you while chanting.
The magic dart hits you!
* * * LOW HITPOINT WARNING * * *
It was a potion of degeneration.
There was something very wrong with that liquid.
You feel weakened.
You feel dopey.
You feel clumsy.
The orc wizard hits you but does no damage.
It was a potion of flight.
Your roots keep you in place.
The orc wizard hits you but does no damage.
The ogre hits you but does no damage.
It was a potion of resistance.
You feel protected. The bullfrog hits you.
You die...

.# .# .. ##. #
# ###...#.#
#...#...#
#.......#
#.o♣#
#....O.F≈§§..#
##.....≈≈§§≈.#
##)..≈≈≈o≈§§.
#...≈§§>§§≈.
#...§§§≈§≈≈.
#....≈≈§§≈..
......≈≈§...


You could see an ogre, a bullfrog and 2 orc wizards.

Vanquished Creatures
  An ooze (D:1)
  An adder zombie (D:3)
  A worm (D:2)
  A dart slug (D:3)
  A leopard gecko (D:2)
  An orc (D:3)
  A giant cockroach (D:2)
  4 goblins
  9 hobgoblins
  3 bats
  3 frilled lizards (D:1)
  6 kobolds
  6 rats
38 creatures vanquished.

Notes
Turn   | Place    | Note
-------+----------+-------------------------------------------
     0 | D:1      | Espgualade the Tengu Ice Elementalist began the quest for the Orb.
     0 | D:1      | Reached XP level 1. HP: 10/10 MP: 4/4
    91 | D:1      | Reached skill level 1 in Fighting
    97 | D:1      | Reached XP level 2. HP: 10/16 MP: 0/6
   254 | D:1      | Reached skill level 2 in Fighting
   579 | D:1      | Learned a level 2 spell: Throw Frost
  1018 | D:2      | Reached XP level 3. HP: 18/22 MP: 7/7
  1443 | D:2      | Learned a level 3 spell: Ozocubu's Armour
  1517 | D:3      | Reached skill level 3 in Fighting
  1601 | D:3      | Noticed Sigmund
  1655 | D:3      | You fall through a shaft for 2 floors!
  1655 | D:5      | Entered Level 5 of the Dungeon
  1655 | D:5      | Noticed a centaur
  1658 | D:6      | Found a staircase to the Ecumenical Temple.
  1658 | D:6      | Noticed an ogre
  1658 | D:6      | Noticed a bullfrog
  1659 | D:6      | HP: 1/34 [orc wizard/magic dart (5)]
  1662 | D:6      | Slain by a bullfrog

Vault maps used:
D:1:      tarquinn_simple_flora_water_e
D:3:      uniq_sigmund
D:5:      old_forge, first_ration, st_stairs_3, minivault_4, dk_vineyard_1,
          minmay_statues_item, uniq_menkaure
D:6:      minmay_temple_entry_mist, nemelex_spade_bored_becter

Skill      XL: |  1  2  3 |
---------------+----------+-----
Fighting       | 1 2 3 |  3.3
Dodging        | |  2.1
Stealth        | |  2.0
Spellcasting   | |  2.0
Conjurations   | |  1.3
Ice Magic      | |  2.6

Action                   || total
-------------------------++-------
Melee: Unarmed           ||    10
       Kick              ||    16
       Short sword       ||    16
       Dagger            ||    44
       Peck              ||     7
 Cast: Freeze            ||     5
       Throw Frost       ||     2
  Use: Scroll            ||     7
       Potion            ||     4
 Stab: Sleeping          ||     5
  Eat: Chunk             ||     3
Armor: Robe              ||    11
       Skin              ||     3
Dodge: Dodged            ||    36

Table legend:
 A = Spawn XP
 B = Non-spawn XP
 C = Spawn XP percentage of total XP
 D = Spawn monster count
 E = Non-spawn monster count
 F = Spawn count percentage of total count
 G = Total turns spent on level
                    A         B        C        D         E        F      G
               +---------+---------+-------+---------+---------+-------+---------
         Total |       0 |      75 |   0.0 |       0 |      38 |   0.0 |  1662
               +---------+---------+-------+---------+---------+-------+---------
           D:1 |       0 |      26 |   0.0 |       0 |      14 |   0.0 |   580
           D:2 |       0 |      19 |   0.0 |       0 |      10 |   0.0 |   866
           D:3 |       0 |      30 |   0.0 |       0 |      14 |   0.0 |   209
               +---------+---------+-------+---------+---------+-------+---------
